 Dungeon Crawl Stone Soup version 0.29-a0-994-gc5c9f59d18 (webtiles) character file.

Game seed: 17356841493941110207

60 xian the Vexing (level 4, -1/34 HPs)
             Began as a Gnoll Arcane Marksman on Aug 3, 2022.
             Slain by a hound (4 damage)
             ... on level 2 of the Dungeon.
             The game lasted 00:03:33 (1516 turns).

xian the Vexing (Gnoll Arcane Marksman)             Turns: 1516, Time: 00:03:33

Health: -1/34      AC:  2    Str: 10    XL:     4   Next: 6%
Magic:  6/8        EV: 13    Int: 12    God:
Gold:   591        SH:  0    Dex: 14    Spells: 7/8 levels left

rFire   . . .      SeeInvis .   a - +1 sling
rCold   . . .      Faith    .   (no shield)
rNeg    . . .      Spirit   .   c - +0 robe
rPois   .          Reflect  .   (no helmet)
rElec   .          Harm     .   i - scarf {repulsion}
rCorr   .          Rampage  .   (no gloves)
Will    .....                   (no boots)
Stlth   ++........              (no amulet)
HPRegen 0.11/turn               (no ring)
MPRegen 0.11/turn               (no ring)

@: repel missiles
A: fangs 1, strong nose, distributed training
a: no special abilities


You were on level 2 of the Dungeon.
You visited 1 branch of the dungeon, and saw 2 of its levels.

You collected 591 gold pieces.

Inventory:

Hand Weapons
 a - a +1 sling (weapon)
 m - a +0 short sword
Missiles
 e - 2 javelins
Armour
 c - a +0 robe (worn)
 i - a scarf of repulsion (worn)
 l - a +0 chain mail
Jewellery
 k - an amulet of magic regeneration
Scrolls
 b - a scroll of vulnerability
Potions
 d - 2 potions of heal wounds
 f - a potion of degeneration {unknown}
 g - a potion of resistance {unknown}
 h - a potion of brilliance
 j - a potion of cancellation


   Skills:
 + Level 2.7 Fighting
 + Level 1.0 Short Blades
 + Level 1.0 Long Blades
 + Level 1.0 Axes
 + Level 1.0 Maces & Flails
 + Level 1.0 Polearms
 + Level 1.0 Staves
 + Level 4.6 Ranged Weapons
 + Level 1.0 Throwing
 + Level 1.0 Armour
 + Level 4.6 Dodging
 + Level 1.0 Stealth
 + Level 1.0 Shields
 + Level 1.0 Unarmed Combat
 + Level 2.9 Spellcasting
 + Level 0.8 Conjurations
 + Level 5.4 Hexes
 + Level 0.8 Summonings
 + Level 0.8 Necromancy
 + Level 0.8 Translocations
 + Level 0.8 Transmutations
 + Level 0.8 Fire Magic
 + Level 0.8 Ice Magic
 + Level 0.8 Air Magic
 + Level 0.8 Earth Magic
 + Level 0.8 Poison Magic
 + Level 1.1 Invocations
 + Level 1.0 Evocations


You had 7 spell levels left.
You knew the following spells:

 Your Spells              Type           Power      Damage    Failure   Level
a - Slow                  Hex            56%        N/A       2%          1

Your spell library contained the following spells:

 Spells                   Type           Power      Damage    Failure   Level
 Inner Flame              Hex/Fire       9%         N/A       21%         3
 Portal Projectile        Hex/Tloc       18%        N/A       21%         3
 Cause Fear               Hex            7%         N/A       26%         4


Dungeon Overview and Level Annotations

Branches:
Dungeon (2/15)

Altars:


Innate Abilities, Weirdness & Mutations

You have very sharp teeth.
Your uncanny sense of smell can sniff out nearby items.
Your experience applies equally to all skills.


Message History

The sling bullet hits the frilled lizard.
The frilled lizard is heavily wounded.
The hound misses you. The hound bites you.
* * * LOW HITPOINT WARNING * * *
Unknown command.
Casting: Slow (safe; 2% risk of failure)
Confirm with . or Enter, or press ? or * to list all spells.
Aiming: Slow (safe; 2% risk of failure)
Press: ? - help, Shift-Dir - straight line, f/p - hound
Aim: a hound (chance to affect: 62%)
The hound resists with significant effort.
The hound closely misses you.
Unknown command.
Casting: Slow (safe; 2% risk of failure)
Confirm with . or Enter, or press ? or * to list all spells.
Aiming: Slow (safe; 2% risk of failure)
Press: ? - help, Shift-Dir - straight line, f/p - hound
Aim: a hound (chance to affect: 62%)
The hound seems to slow down.
The hound misses you. The hound attacks as you move away!
The hound bites you but does no damage. The hound attacks as you move away!
The hound bites you.
* * * LOW HITPOINT WARNING * * *
Fire: a) +1 sling
Press: ? - help, Q - select action, (/) - cycle Shift-Dir - straight line, f/p - hound
Aim: a hound (slow, 50% to hit)
You shoot a sling bullet.
The sling bullet completely misses the hound.
The sling bullet hits the adder.
The adder is almost dead.
The hound barely misses you. The hound bites you.
* * * LOW HITPOINT WARNING * * *
Fire: a) +1 sling
Press: ? - help, Q - select action, (/) - cycle Shift-Dir - straight line, f/p - hound
Aim: a hound (slow, 50% to hit)
You shoot a sling bullet.
The sling bullet closely misses the hound.
The sling bullet barely misses the adder.
The sling bullet closely misses the frilled lizard.
The hound bites you.
You die...

##########......†..#.#
.........#.........'.#
∆
.........#.........###
! .........#.........#
.#
.........#.........#
##∆ ..
.........#######.###
.##)#∆ .........# #.#
....## .........#
#.#####.....#.
....†....#
#@hSl.'.......
.........#
#######)....##
.........# .....#
..†......# ..)..#
.........# .$...#
.........# .....#
.........# .....#
...####### .....# ####


You could see a hound (slow), an adder and a frilled lizard.

Vanquished Creatures
  A gnoll (D:1)
  An adder (D:2)
  3 ball pythons
  4 endoplasms
  6 goblins
  6 hobgoblins
  4 jackals
  6 kobolds
  A quokka (D:1)
  2 bats (D:1)
  2 frilled lizards
  A rat (D:1)
37 creatures vanquished.

Notes
Turn   | Place    | Note
-------+----------+-------------------------------------------
     0 | D:1      | xian the Gnoll Arcane Marksman began the quest for the Orb.
     0 | D:1      | Reached XP level 1. HP: 17/17 MP: 4/4
   276 | D:1      | Reached XP level 2. HP: 23/23 MP: 5/5
   502 | D:1      | Identified a scroll of acquirement
   506 | D:1      | Acquired 509 gold pieces
   532 | D:1      | Reached XP level 3. HP: 23/28 MP: 7/7
   807 | D:1      | Found a faded altar of an unknown god.
   831 | D:1      | Reached skill level 1 in Invocations
  1099 | D:2      | Reached skill level 1 in Short Blades
  1099 | D:2      | Reached skill level 1 in Long Blades
  1099 | D:2      | Reached skill level 1 in Axes
  1099 | D:2      | Reached skill level 1 in Maces & Flails
  1099 | D:2      | Reached skill level 1 in Polearms
  1099 | D:2      | Reached skill level 1 in Staves
  1099 | D:2      | Reached skill level 1 in Throwing
  1099 | D:2      | Reached skill level 1 in Armour
  1099 | D:2      | Reached skill level 1 in Stealth
  1099 | D:2      | Reached skill level 1 in Shields
  1099 | D:2      | Reached skill level 1 in Unarmed Combat
  1099 | D:2      | Reached skill level 1 in Evocations
  1453 | D:2      | Reached XP level 4. HP: 34/34 MP: 8/8
  1516 | D:2      | Slain by a hound

Illustrated notes

Levels and vault maps discovered:
D:1:      giann_bridges, layout_basic,
          hellmonk_ecumenical_altar_pennies_from_heaven
D:2:      layout_basic, basic_altar, minmay_hexomino_u4

Skill      XL: |  1  2  3 |
---------------+----------+-----
Invocations    | 1 |  1.1
Short Blades   | 1 |  1.0
Long Blades    | 1 |  1.0
Axes           | 1 |  1.0
Maces & Flails | 1 |  1.0
Polearms       | 1 |  1.0
Staves         | 1 |  1.0
Throwing       | 1 |  1.0
Armour         | 1 |  1.0
Stealth        | 1 |  1.0
Shields        | 1 |  1.0
Unarmed Combat | 1 |  1.0
Evocations     | 1 |  1.0
Fighting       | |  2.7
Ranged Weapons | |  4.6
Dodging        | |  4.6
Spellcasting   | |  2.9
Conjurations   | |  0.8
Hexes          | |  5.4
Summonings     | |  0.8
Necromancy     | |  0.8
Translocations | |  0.8
Transmutations | |  0.8
Fire Magic     | |  0.8
Ice Magic      | |  0.8
Air Magic      | |  0.8
Earth Magic    | |  0.8
Poison Magic   | |  0.8

Action                   |  1- 3 |  4- 6 || total
-------------------------+-------+-------++-------
 Fire: Sling             |   107 |    19 ||   126
 Cast: Slow              |     1 |     2 ||     3
  Use: Scroll            |     5 |       ||     5
Armor: Robe              |     9 |     3 ||    12
Dodge: Dodged            |    28 |    25 ||    53
       Repelled          |     1 |       ||     1

Table legend: (Time is in decaauts)
 A = Elapsed time spent in this place.
 B = Non-inter-level travel time spent in this place.
 C = Inter-level travel time spent in this place.
 D = Time resting spent in this place.
 E = Time spent auto-exploring this place.
 F = Levels seen in this place.
 G = Mean time per level.
                   A        B        C        D        E       F      G
               +--------+--------+--------+--------+--------+-----+--------+
         Total |   1541 |   1519 |     22 |      0 |   1267 |   2 |  770.5 |
       Dungeon |   1541 |   1519 |     22 |      0 |   1267 |   2 |  770.5 |
               +--------+--------+--------+--------+--------+-----+--------+

Top non-repeatable levels by time:
     D:1: 1017 daAuts
     D:2: 523 daAuts
